 Dungeon Crawl Stone Soup version 0.21.0-3-g78d12a8 (webtiles) character file.

209 Suckerboh the Gusty (level 5, -2/28 HPs)
             Began as a Tengu Air Elementalist on Jan 16, 2018.
             Was an Initiate of Vehumet.
             Slain by a phantom (7 damage)
             ... on level 5 of the Dungeon.
             The game lasted 00:08:47 (5268 turns).

Suckerboh the Gusty (Tengu Air Elementalist)        Turns: 5268, Time: 00:08:48

Health: -2/28      AC:  2    Str:  9    XL:     5   Next: 87%
Magic:  0/11       EV: 13    Int: 16    God:    Vehumet [......]
Gold:   190        SH:  0    Dex: 14    Spells: 4/10 levels left

rFire    . . .     SeeInvis .   (no weapon)
rCold    . . .     Gourm    .   (no shield)
rNeg     . . .     Faith    .   a - +0 robe
rPois    .         Spirit   .   (helmet restricted)
rElec    .         Reflect  .   (no cloak)
rCorr    .         Harm     .   (no gloves)
MR       .....                  (boots unavailable)
Stlth    ++........             (no amulet)
HPRegen  0.09/turn              (no ring)
MPRegen  0.12/turn              (no ring)

@: no status effects
A: beak, talons 3, able to fly 1
a: Fly, Renounce Religion


You were on level 5 of the Dungeon.
You worshipped Vehumet.
Vehumet was noncommittal.
You were not hungry.

You visited 2 branches of the dungeon, and saw 6 of its levels.

You collected 190 gold pieces.

Inventory:

Armour
 a - a +0 robe (worn)
Jewellery
 r - an uncursed ring of see invisible {unknown}
Scrolls
 d - 2 scrolls of magic mapping {unknown}
 f - a scroll of amnesia {unknown}
 g - 6 scrolls of identify {unknown}
 j - 4 scrolls of remove curse {unknown}
 l - 2 scrolls of teleportation {unknown}
 n - a scroll of fear {unknown}
 p - a scroll of immolation {unknown}
 s - a scroll of enchant weapon {unknown}
Potions
 e - a potion of heal wounds {unknown}
 h - a potion of degeneration {unknown}
 i - 3 potions of curing {unknown}
 k - a potion of haste {unknown}
 m - a potion of ambrosia {unknown}
 o - 4 potions of lignification {unknown}
Books
 b - a book of Air

   Spells                             Type                      Level
   a - Shock                          Conjuration/Air              1
   b - Swiftness                      Charms/Air                   2
   c - Static Discharge               Conjuration/Air              3
   d - Airstrike                      Air                          4
   e - Lightning Bolt                 Conjuration/Air              5
Comestibles
 c - 3 rations
 q - 2 chunks of flesh


   Skills:
 + Level 2.6 Dodging
 - Level 2.0 Stealth
 + Level 3.4 Spellcasting
 * Level 3.5 Conjurations
 + Level 6.1 Air Magic


You had 4 spell levels left.
You knew the following spells:

 Your Spells              Type           Power        Failure   Level  Hunger
a - Shock                 Conj/Air       ###.         2%          1    None
b - Swiftness             Chrm/Air       ##......     8%          2    ##.....
c - Static Discharge      Conj/Air       ###.....     8%          3    ###....


Dungeon Overview and Level Annotations

Branches:
Dungeon (5/15)             Temple (1/1) D:4

Altars:
Cheibriados
Dithmenos
Elyvilon
Gozag
Kikubaaqudgha
Nemelex Xobeh
Qazlal
Ru
Sif Muna
Trog
Uskayaw
Vehumet
Wu Jian
Xom

Annotations:
D:4 hilaritas's ghost, amateur DgFi


Innate Abilities, Weirdness & Mutations

You have a beak for a mouth.
You have claws for feet.
You can fly.


Message History

Confirm with . or Enter, or press ? or * to list all spells.
The phantom is struck by lightning.
The phantom is severely damaged.
The lightning arcs!
You are struck by lightning.
The lightning grounds out.
The phantom blinks!
Unknown command.
The phantom blinks!
You aren't carrying any items that you can evoke.
Your magical contamination has completely faded away.
The phantom blinks!
The phantom hits you.
* * * LOW HITPOINT WARNING * * *
Casting: Static Discharge
Confirm with . or Enter, or press ? or * to list all spells.
The phantom is struck by lightning.
The phantom is heavily damaged.
The lightning arcs!
You are struck by lightning.
* * * LOW HITPOINT WARNING * * *
The lightning grounds out.
The phantom hits you!
You die...

##..#####......#
##..###..........
##..##
#.......... #..##
##......... ##.##
##........ ##.##
#........ ##.###
##.......
##....## #.......
#...W@.# #.......
#..#.......#
#.......
#..##.........#
#.รท#.... #.#
#.....!...#
#..##... #.#
##.........
#..###.. .#
#......... #..#
##. #.........
..## ##
##........... ...


You could see a phantom.

Vanquished Creatures
  A scorpion (D:4)
  A howler monkey (D:4)
  A centaur skeleton (D:4)
  A hound skeleton (D:4)
  An adder (D:2)
  A worm (D:2)
  2 dart slugs (D:1)
  An orc (D:4)
  5 giant cockroaches
  8 goblins
  8 hobgoblins
  4 jackals (D:1)
  A kobold (D:1)
  4 quokkas
  5 ball pythons
  10 bats
  3 frilled lizards
  9 rats
66 creatures vanquished.

Notes
Turn   | Place    | Note
-------+----------+-------------------------------------------
     0 | D:1      | Suckerboh the Tengu Air Elementalist began the quest for the Orb.
     0 | D:1      | Reached XP level 1. HP: 10/10 MP: 4/4
   315 | D:1      | Reached XP level 2. HP: 15/15 MP: 4/6
   748 | D:1      | Reached XP level 3. HP: 19/19 MP: 5/7
  1372 | D:1      | Learned a level 2 spell: Swiftness
  1376 | D:1      | Learned a level 3 spell: Static Discharge
  1434 | D:2      | Reached skill level 5 in Air Magic
  1845 | D:2      | Reached XP level 4. HP: 24/24 MP: 5/8
  1989 | D:2      | Found a stormy altar of Qazlal.
  2273 | D:2      | You fall through a shaft for 2 floors!
  2328 | D:4      | Found a staircase to the Ecumenical Temple.
  2338 | Temple   | Entered the Ecumenical Temple
  2452 | Temple   | Became a worshipper of Vehumet
  3025 | D:3      | Found a deep blue altar of Sif Muna.
  3025 | D:3      | Found a snail-covered altar of Cheibriados.
  3440 | D:3      | Found an ancient bone altar of Kikubaaqudgha.
  3529 | D:4      | Noticed hilaritas's ghost (amateur DgFi)
  4146 | D:4      | Gained mutation: You can fly. [Tengu growth]
  4146 | D:4      | Reached XP level 5. HP: 28/28 MP: 1/10
  4325 | D:4      | Reached skill level 6 in Air Magic
  5133 | D:5      | Entered Level 5 of the Dungeon
  5198 | D:5      | Noticed a phantom
  5268 | D:5      | Slain by a phantom

Skill      XL: |  1  2  3  4  5 |
---------------+----------------+-----
Conjurations   | 2 3 |  3.5
Air Magic      | 5 6 |  6.1
Spellcasting   | 3 |  3.4
Dodging        | |  2.6
Stealth        | |  2.0

Action                   |  1- 3 |  4- 6 || total
-------------------------+-------+-------++-------
Melee: Unarmed           |    18 |     3 ||    21
       Kick              |     6 |     1 ||     7
       Peck              |     2 |       ||     2
 Cast: Shock             |    90 |    74 ||   164
       Static Discharge  |       |     4 ||     4
  Eat: Chunk             |     4 |     5 ||     9
       Ration            |       |     2 ||     2
Armor: Robe              |    11 |     1 ||    12
Dodge: Dodged            |    21 |    20 ||    41
